 Dungeon Crawl Stone Soup version 0.29.0-11-gd7f09526c8 (webtiles) character file.

Game seed: 3409295529114602110

158 RKaid the Shooter (level 5, -1/31 HPs)
             Began as a Deep Elf Hunter on Sept 3, 2022.
             Slain by a bullfrog (5 damage)
             ... on level 3 of the Dungeon.
             The game lasted 00:05:45 (3145 turns).

RKaid the Shooter (Deep Elf Hunter)                 Turns: 3145, Time: 00:05:45

Health: -1/31      AC:  3    Str:  8    XL:     5   Next: 16%
Magic:  7/7        EV: 14    Int: 14    God:
Gold:   163        SH:  0    Dex: 20    Spells: 2/4 levels left

rFire   . . .      SeeInvis .   a - +0 shortbow
rCold   . . .      Faith    .   (shield currently unavailable)
rNeg    . . .      Spirit   .   l - +0 leather armour
rPois   .          Reflect  .   (no helmet)
rElec   .          Harm     .   (no cloak)
rCorr   .          Rampage  .   (no gloves)
Will    .....                   (no boots)
Stlth   ++........              (no amulet)
HPRegen 0.10/turn               (no ring)
MPRegen 0.10/turn               (no ring)

@: no status effects
A: no striking features
a: no special abilities


You were on level 3 of the Dungeon.
You visited 1 branch of the dungeon, and saw 4 of its levels.

You collected 163 gold pieces.

Inventory:

Hand Weapons
 a - a +0 shortbow (weapon)
Armour
 l - a +0 leather armour (worn)
 o - the +1 robe of Awuf Unk {rF+++ rC- rN+ Archmagi}
   (You found it on level 3 of the Dungeon)

   rF:        It renders you almost immune to fire.
   rC:        It makes you vulnerable to cold.
   rN:        It protects you from negative energy.
   Archmagi:  It increases the power of your magical spells.
Scrolls
 b - a scroll of immolation {!r}
 d - a scroll of summoning {unknown}
 e - a scroll of vulnerability {unknown}
 g - a scroll of noise {unknown}
 i - a scroll of identify
 m - a scroll of butterflies {unknown}
 p - 2 scrolls of amnesia {unknown}
 q - a scroll of torment {unknown}
 t - 3 scrolls of teleportation
Potions
 c - a potion of curing
 f - a potion of flight
 h - 2 potions of heal wounds
 j - a potion of resistance
 n - a potion of lignification {!q}


   Skills:
 + Level 2.5 Fighting
 + Level 6.3 Ranged Weapons
 * Level 4.9 Dodging
 - Level 1.2 Stealth


You had 2 spell levels left.
You knew the following spells:

 Your Spells              Type           Power      Damage    Failure   Level
B - Blink                 Tloc           0%         N/A       54%         2

Your spell library contained the following spells:

 Spells                   Type           Power      Damage    Failure   Level
 Necrotise                Necr           0%         1d4       38%         1
 Sting                    Tmut/Pois      0%         1d3       38%         1
 Poisonous Vapours        Pois/Air       0%         N/A       54%         2
 Vampiric Draining        Necr           0%         2d6       77%         3
 Olgreb's Toxic Radiance  Pois           0%         N/A       99%         4
 Agony                    Necr           0%         N/A       100%        5
 Manifold Assault         Tloc           0%         N/A       100%        5
 Storm Form               Tmut/Air       0%         N/A       100%        7


Dungeon Overview and Level Annotations

Branches:
Dungeon (4/15)
 Temple: D:4-7

Altars:
Kikubaaqudgha


Message History

The hound barely misses you.
You shoot an arrow. The arrow hits the hound.
You kill the hound!
An orc comes into view. It is wielding a +0 whip.
You have reached level 5!
An ufetubus comes into view.
You shoot an arrow. The arrow barely misses the ufetubus.
The ufetubus shouts!
The ufetubus closely misses you. x2
The ufetubus misses you. The ufetubus barely misses you.
The ufetubus closely misses you.
The ufetubus hits you but does no damage.
The ufetubus hits you but does no damage.
The ufetubus closely misses you.
You shoot an arrow.
The arrow hits the ufetubus but does no damage.
The ufetubus completely misses you. The ufetubus misses you.
The ufetubus closely misses you. The ufetubus hits you.
The ufetubus attacks as you move away! The ufetubus hits you. x3
The ufetubus barely misses you.
There is a stone staircase leading up here.
You shoot an arrow. The arrow barely misses the ufetubus.
The ufetubus misses you. The ufetubus barely misses you.
The ufetubus closely misses you. x2
The ufetubus misses you. The ufetubus barely misses you.
You climb upwards.
There is a stone staircase leading down here.
You shoot an arrow. The arrow hits the ufetubus.
The ufetubus closely misses you.
The ufetubus hits you but does no damage.
The ufetubus barely misses you. The ufetubus hits you.
You shoot an arrow. The arrow misses the ufetubus.
The ufetubus misses you. x2
The ufetubus barely misses you. The ufetubus closely misses you.
You shoot an arrow. The arrow hits the ufetubus!
You kill the ufetubus!
No target in view!
No target in view!
You start resting.
As you read the scroll labelled MILI UBIUTH, it crumbles to dust.
It is a scroll of identify.
f - a potion of flight;
i - 4 scrolls of identify
e - a scroll labelled XEWNOOKAVE
As you read the scroll of identify, it crumbles to dust.
n - a potion of lignification
As you read the scroll of identify, it crumbles to dust.
j - a potion of resistance
As you read the scroll of identify, it crumbles to dust.
k - 3 scrolls of teleportation;
t - 3 scrolls of teleportation You climb downwards.
The orc closely misses you. The orc hits you with a +0 whip.
There is a stone staircase leading up here.
You shoot an arrow. The arrow hits the orc.
The orc closely misses you.
You shoot an arrow. The arrow hits the orc!
You kill the orc!
No target in view!
Things that are here:
a +0 whip; a +0 leather armour; an orc corpse You start resting.
Found a stone staircase leading up.
A bullfrog comes into view.
The bullfrog gives a loud, deep croak!
You shoot an arrow. The arrow hits the bullfrog!
A gnoll comes into view. It is wielding a +0 whip.
You shoot an arrow. The arrow closely misses the gnoll.
An orc comes into view. It is wielding a +0 club.
You shoot an arrow. The arrow closely misses the bullfrog.
The orc shouts!
The bullfrog hits you. The gnoll barely misses you. The bullfrog misses you.
You shoot an arrow. The arrow hits the bullfrog!
The bullfrog hits you!
A gnoll comes into view. It is wielding a +0 flail.
The gnoll hits you with a +0 whip. The bullfrog attacks as you move away!
The bullfrog closely misses you. The gnoll attacks as you move away!
The gnoll hits you with a +0 whip.
* * * LOW HITPOINT WARNING * * *
The bullfrog misses you. The bullfrog attacks as you move away!
The bullfrog hits you but does no damage.
The bullfrog hits you but does no damage.
The bullfrog closely misses you. The bullfrog attacks as you move away!
The bullfrog misses you. The bullfrog hits you.
* * * LOW HITPOINT WARNING * * *
There is a stone staircase leading up here.
The bullfrog barely misses you.
You climb upwards.
There is a stone staircase leading down here.
Fire: a) +0 shortbow
Press: ? - help, Q - select action Shift-Dir - straight line, f - bullfrog
Aim: a bullfrog (severely wounded, 60% to hit)
You shoot an arrow.
The arrow hits the bullfrog but does no damage.
The bullfrog closely misses you. x2
Fire: a) +0 shortbow
Press: ? - help, Q - select action Shift-Dir - straight line, f/p - bullfrog
Aim: a bullfrog (severely wounded, 60% to hit)
You shoot an arrow. The arrow barely misses the bullfrog.
The bullfrog hits you.
* * * LOW HITPOINT WARNING * * *
The bullfrog hits you.
You die...

#........# ##.#..#.......##
########## ##.#.##.....##
#........#######.###...##
#.#####.......##.# ##### #.#
#..####.##.# #.# ###..##
#.##.# #.# #.....###.##.#
##### #.###.#.......##.##
#...#####
#..........####.@.####.#...).#
#####.##.......F.........###.#
#.##...####...######## #.#
#.###### ##.## #.# ##.### #.#
#.# #....### #.# #.#
#.##...######'## #.#
#.###..........## #.##
#.##..######....## ###..#


You could see a bullfrog.

Vanquished Creatures
  A hound (D:4)
  Robin (D:2)
  4 adders
  An ufetubus (D:3)
  A worm (D:3)
  A dart slug (D:1)
  An orc (D:4)
  4 ball pythons
  2 endoplasms
  4 giant cockroaches
  8 goblins
  14 hobgoblins
  4 jackals
  2 quokkas
  9 bats
  5 frilled lizards
  3 kobolds
  3 rats
68 creatures vanquished.

Vanquished Creatures (others)
  A human (D:3)
1 creature vanquished.

Grand Total: 69 creatures vanquished

Notes
Turn   | Place    | Note
-------+----------+-------------------------------------------
     0 | D:1      | RKaid the Deep Elf Hunter began the quest for the Orb.
     0 | D:1      | Reached XP level 1. HP: 12/12 MP: 3/3
   159 | D:1      | Reached skill level 3 in Dodging
   159 | D:1      | Reached XP level 2. HP: 17/17 MP: 4/4
   232 | D:1      | Found a faded altar of an unknown god.
   532 | D:2      | Reached skill level 2 in Fighting
   532 | D:2      | Reached XP level 3. HP: 21/21 MP: 5/5
   953 | D:2      | Noticed Robin
   979 | D:2      | HP: 4/21 [hobgoblin[Robin] (3)]
   987 | D:2      | Killed Robin
   988 | D:2      | Reached skill level 4 in Dodging
   996 | D:2      | Reached XP level 4. HP: 8/26 MP: 6/6
  1378 | D:3      | HP: 4/26 [poisoned by an adder]
  1379 | D:3      | HP: 1/26 [poisoned by an adder]
  1837 | D:3      | Identified the +1 robe of Awuf Unk {rF+++ rC- rN+ Archmagi}
  2008 | D:3      | Reached skill level 6 in Ranged Weapons
  2018 | D:3      | Learned a level 2 spell: Blink
  2332 | D:3      | Found an ancient bone altar of Kikubaaqudgha.
  2333 | D:3      | Noticed a human
  2336 | D:3      | Killed a human
  3008 | D:4      | Reached XP level 5. HP: 31/31 MP: 7/7
  3141 | D:4      | HP: 6/31 [bullfrog (3)]
  3145 | D:3      | Slain by a bullfrog

Illustrated notes

Levels and vault maps discovered:
D:1:      giann_bridges, layout_rooms, shapermc_ecumenical_altar_ellora
D:2:      layout_basic, uniq_robin
D:3:      layout_loops_corners, tgw_kikubaaqudgha, dk_noncrumbling_4,
          nrook_mini_vaults, minmay_close_crescents
D:4:      cheibrodos_greedy_goblins, layout_cave_pools,
          nzn_hepliaklqana_mist_gate, uniq_natasha

Skill      XL: |  1  2  3  4 |
---------------+-------------+-----
Dodging        | 3 4 |  4.9
Fighting       | 2 |  2.5
Ranged Weapons | 6 |  6.3
Stealth        | |  1.2

Action                   |  1- 3 |  4- 6 || total
-------------------------+-------+-------++-------
 Fire: Shortbow          |    85 |    91 ||   176
  Use: Potion            |     2 |     1 ||     3
       Scroll            |       |     4 ||     4
Armor: Leather armour    |    11 |    15 ||    26
Dodge: Dodged            |    28 |    52 ||    80

Table legend: (Time is in decaauts)
 A = Elapsed time spent in this place.
 B = Non-inter-level travel time spent in this place.
 C = Inter-level travel time spent in this place.
 D = Time resting spent in this place.
 E = Time spent auto-exploring this place.
 F = Levels seen in this place.
 G = Mean time per level.
                   A        B        C        D        E       F      G
               +--------+--------+--------+--------+--------+-----+--------+
         Total |   3190 |   3110 |     80 |   1011 |   1670 |   4 |  797.5 |
       Dungeon |   3190 |   3110 |     80 |   1011 |   1670 |   4 |  797.5 |
               +--------+--------+--------+--------+--------+-----+--------+

Top non-repeatable levels by time:
     D:3: 1703 daAuts
     D:2: 859 daAuts
     D:1: 526 daAuts
     D:4: 101 daAuts

Table legend:
 A = Kills in this place as a percentage of kills in entire the game.
 B = Kills by you in this place as a percentage of kills by you in the entire game.
 C = Kills by friends in this place as a percentage of kills by friends in the entire game.
 D = Other kills in this place as a percentage of other kills in the entire game.
 E = Experience gained in this place as a percentage of experience gained in the entire game.
 F = Experience gained in this place divided by the number of levels of this place that you have seen.
                   A       B       C       D       E      F
               +-------+-------+-------+-------+-------+----------------------
         Total | 100.0 | 100.0 |   N/A |   N/A | 100.0 |  56.8
       Dungeon | 100.0 | 100.0 |   N/A |   N/A | 100.0 |  56.8
               +-------+-------+-------+-------+-------+----------------------
